 Dungeon Crawl Stone Soup version 0.32-a0-818-gb728d0252e (webtiles) character file.

Game seed: 2886965580050091808

107 Bamboolord the Sneak (level 4, -4/37 HPs)
             Began as a Naga Enchanter on Mar 24, 2024.
             Slain by a gnoll
             ... wielding a +0 spear
              (9 damage)
             ... on level 3 of the Dungeon.
             The game lasted 00:05:31 (1590 turns).

Bamboolord the Sneak (Naga Enchanter)               Turns: 1590, Time: 00:05:31

Health: -4/37      AC:  2    Str: 10    XL:     4   Next: 85%
Magic:  5/7        EV:  9    Int: 17    God:
Gold:   129        SH:  0    Dex: 12    Spells: 2/7 levels left

rFire   . . .        a - +1 dagger
rCold   . . .        (no shield)
rNeg    . . .        b - +0 robe
rPois   +            (no helmet)
rElec   .            (no cloak)
rCorr   .            (no gloves)
SInv    +            (no barding)
Will    .....        (no amulet)
Stlth   +++          (no ring)
HPRegen 0.26/turn    (no ring)
MPRegen 0.10/turn

%: no passive effects
@: short of breath, invisible, very slow
A: AC +1, large, see invisible, deformed body, poison resistance, slowness 2,
spit poison 1, naga tail 1
a: Spit Poison


You were on level 3 of the Dungeon.
You visited 1 branch of the dungeon, and saw 3 of its levels.

You collected 129 gold pieces.

Inventory:

Hand Weapons
 a - a +1 dagger (weapon)
Armour
 b - a +0 robe (worn)
Wands
 h - a wand of acid (8)
Scrolls
 d - a scroll of fog
 f - a scroll of enchant weapon
 g - 2 scrolls of vulnerability


   Skills:
 + Level 0.9 Fighting
 * Level 2.1 Short Blades
 * Level 2.3 Dodging
 * Level 5.3 Stealth
 * Level 2.3 Spellcasting
 * Level 3.4 Hexes
 + Level 0.5 Ice Magic


You had 2 spell levels left.
You knew the following spells:

 Your Spells              Type           Power      Damage    Failure   Level
a - Ensorcelled Hibernat  Hex/Ice        16%        N/A       13%         2
b - Confusing Touch       Hex            13%        N/A       14%         3

Your spell library contained the following spells:

 Spells                   Type           Power      Damage    Failure   Level
 Cigotuvi's Dreadful Rot  Necr/Alch/Air  2%         N/A       28%         2
 Tukima's Dance           Hex            13%        N/A       14%         3
 Dazzling Flash           Conj/Hex       14%        N/A       28%         3
 Passwall                 Erth           1%         N/A       50%         3
 Swiftness                Air            1%         N/A       50%         3
 Dispel Undead            Necr           1%         3d6       88%         4
 Martyr's Knell           Necr/Summ      1%         N/A       88%         4


Dungeon Overview and Level Annotations

Branches:
Dungeon (3/15)

Altars:

Shops:
D:1 ?


Innate Abilities, Weirdness & Mutations

Your serpentine skin is tough. (AC +1)
You have supernaturally acute eyesight. (SInv)
Armour fits poorly on your strangely shaped body.
Your system is resistant to poisons. (rPois)
You cover ground very slowly.
You can spit poison.
You have a snake-like lower body.


Message History

Press: ? - help, Q - select action, (/) - cycle Shift-Dir - straight line, f - kobold
Aim: a kobold, wielding a +0 short sword and quivering stones (50% to hit)
The splash of poison misses the kobold.
The kobold hits you with a +0 short sword.
Unknown command.
The kobold throws a stone.
The stone hits you.
You have got your breath back.
The kobold hits you with a +0 short sword.
The kobold attacks as it pursues you! The kobold closely misses you.
The kobold attacks as it pursues you! The kobold misses you.
The kobold hits you with a +0 short sword.
* * * LOW HITPOINT WARNING * * *
Aiming: Spit Poison (1% risk of failure)
Press: ? - help, Q - select action, (/) - cycle Shift-Dir - straight line, f/p - kobold
Aim: a kobold, wielding a +0 short sword and quivering stones (50% to hit)
The splash of poison hits the kobold.
The kobold is poisoned.
The kobold is severely wounded.
The gnoll hits you from afar with a +1 spear of freezing.
* * * LOW HITPOINT WARNING * * *
The gnoll freezes you.
* * * LOW HITPOINT WARNING * * *
The kobold barely misses you.
You fade into invisibility!
You kill the kobold!
The gnoll barely misses you. The gnoll completely misses you.
Things that are here:
6 gold pieces; a +0 short sword; 2 stones You catch the helpless gnoll completely off-guard!
You puncture the gnoll!
You kill the gnoll!
You have got your breath back.
Aiming: Spit Poison (1% risk of failure)
Press: ? - help, Q - select action, (/) - cycle Shift-Dir - straight line, f - gnoll
Aim: a gnoll, wielding a +0 spear (unable to see you, 65% to hit)
The splash of poison hits the gnoll!
The gnoll is poisoned.
The gnoll is heavily wounded.
The gnoll closely misses you. The gnoll hits you with a +0 spear!
You die...

#.# ### ..#.# #g# ##.# ...
..#.### #.# #..###.#####
#.#.#.####.#### #..)........
..#.#...)g..... #..#<..#####
#.#.#.####.#### #..###.#
#.#.......... #..# .#
#.#.#.########
######..###########.#.#.####
...............$@g...........
#################.#.###.#####
#.......# #.#.##### #.#.#
#.#.# #####


You could see a gnoll (unable to see you, poisoned).

Vanquished Creatures
  3 gnolls
  2 adders
  A ribbon worm (D:2)
  4 dart slugs
  4 endoplasms (D:1)
  A giant cockroach (D:2)
  7 goblins
  A hobgoblin (D:1)
  3 jackals (D:1)
  2 quokkas
  5 ball pythons
  4 bats
  A frilled lizard (D:2)
  8 kobolds
  4 rats
50 creatures vanquished.

Notes
Turn   | Place    | Note
-------+----------+-------------------------------------------
     0 | D:1      | Bamboolord the Naga Enchanter began the quest for the Orb.
     0 | D:1      | Reached XP level 1. HP: 15/15 MP: 3/3
   149 | D:1      | Found Xurphuonu's Magic Scroll Boutique.
   206 | D:1      | Reached XP level 2. HP: 18/22 MP: 5/5
   365 | D:1      | Reached XP level 3. HP: 3/30 MP: 6/6
   480 | D:1      | Learned a level 2 spell: Ensorcelled Hibernation
   484 | D:1      | Learned a level 3 spell: Confusing Touch
   623 | D:1      | Reached skill level 5 in Stealth
  1034 | D:2      | Reached XP level 4. HP: 37/37 MP: 7/7
  1590 | D:3      | Slain by a gnoll

Illustrated notes

Levels and vault maps discovered:
D:1:      nzn_arrival_depleted_hourglass, layout_rooms, serial_shops,
          nicolae_shop_tiny_real_fake_doors
D:2:      minmay_angry_zag, layout_basic
D:3:      layout_basic, uniq_natasha

Skill      XL: |  1  2  3  4 |
---------------+-------------+-----
Dodging        | 2 |  2.3
Stealth        | 5 |  5.3
Short Blades   | 2 |  2.1
Fighting       | |  0.9
Spellcasting   | |  2.3
Hexes          | |  3.4
Ice Magic      | |  0.5

Action                     |  1- 3 |  4- 6 || total
---------------------------+-------+-------++-------
  Melee: Dagger            |    78 |    25 ||   103
   Cast: Ensorcelled Hiber |       |     1 ||     1
Ability: Spit Poison       |    23 |     8 ||    31
    Use: Potion            |     1 |     1 ||     2
         Scroll            |       |     3 ||     3
   Stab: Sleeping          |     5 |     8 ||    13
         Invisible         |     1 |     1 ||     2
 Armour: Robe              |    65 |    22 ||    87
  Dodge: Dodged            |    40 |    21 ||    61

Table legend: (Time is in decaauts)
 A = Elapsed time spent in this place.
 B = Non-inter-level travel time spent in this place.
 C = Inter-level travel time spent in this place.
 D = Time resting spent in this place.
 E = Time spent auto-exploring this place.
 F = Levels seen in this place.
 G = Mean time per level.
                   A        B        C        D        E       F      G
               +--------+--------+--------+--------+--------+-----+--------+
         Total |   2030 |   1984 |     46 |    252 |   1196 |   3 |  676.7 |
       Dungeon |   2030 |   1984 |     46 |    252 |   1196 |   3 |  676.7 |
               +--------+--------+--------+--------+--------+-----+--------+

Top non-repeatable levels by time:
     D:1: 1098 daAuts
     D:2: 843 daAuts
     D:3: 88 daAuts
